AoeStats
← 739697286

Arabia

507194247Analyzed
4v4 RM · 17d ago on Sep 17, 2026· 50m 45s· 8 players
Game mode
Random Map
Map size
Large (8 player)
Population
200
Speed
Normal
Resources
Standard
Victory
Conquest
Starting age
Dark Age
Ending age
Imperial Age
RankedLock teamsTeams togetherTeam positionsShared explorationLock speedFull tech treeHidden civsTurbo modeCheats
Victory
Defeat
🇨🇴 Magyars · Colombia
1485
+13
🇺🇸 Koreans · United States
1431
+15
🇫🇷 Vietnamese · France
1421
+16
🇺🇸 Teutons · United States
1384
+17
🇨🇳 Britons · China
1493
-19
🇨🇱 Magyars · Chile
1397
-15
🇺🇸 Poles · United States
1394
-14
🇨🇦 Ethiopians · Canada
1365
-13
Dedpool_Aoe
7:12 Loom
9:28 Feudal Age
10:22 Double-Bit Axe
14:15 Fletching
17:20 Padded Archer Armor
23:50 Castle Age
23:55 Crossbowman
24:47 Thumb Ring
24:40 Bodkin Arrow
25:14 Bow Saw
26:22 Ballistics
26:26 Leather Archer Armor
30:25 Wheelbarrow
33:21 Town Watch
40:25 Hand Cart
45:36 Imperial Age
46:23 Bracer
47:34 Chemistry
47:37 Arbalester
jsvothrowaway
6:33 Loom
9:05 Feudal Age
9:48 Double-Bit Axe
10:36 Fletching
15:15 Horse Collar
21:00 Wheelbarrow
23:41 Castle Age
21:59 Gold Mining
24:02 Crossbowman
24:47 Thumb Ring
24:46 Bodkin Arrow
25:03 Bow Saw
24:54 Heavy Plow
27:11 Hand Cart
30:23 Ballistics
34:22 Imperial Age
34:32 Gold Shaft Mining
34:24 Arbalester
35:06 Bracer
36:13 Chemistry
36:27 Capped Ram
40:04 Elite Skirmisher
41:32 Imperial Skirmisher
45:36 Conscription
45:29 Murder Holes
45:44 Masonry
45:41 Eupseong
46:10 Scale Mail Armor
46:21 Forging
47:25 Two-Man Saw
46:18 Stone Mining
46:36 Treadmill Crane
46:50 Arrowslits
50:21 Chain Mail Armor
50:42 Iron Casting
Rionosis
6:47 Loom
9:34 Feudal Age
10:39 Double-Bit Axe
10:36 Horse Collar
12:45 Town Watch
19:59 Wheelbarrow
20:46 Gold Mining
24:21 Castle Age
23:08 Bloodlines
23:57 Forging
24:36 Scale Barding Armor
25:14 Bow Saw
25:05 Heavy Plow
25:45 Chain Barding Armor
27:15 Iron Casting
31:11 Fletching
37:05 Imperial Age
34:55 Hand Cart
37:17 Cavalier
38:34 Plate Barding Armor
39:11 Blast Furnace
42:00 Paladin
43:07 Bodkin Arrow
43:35 Ballistics
44:11 Conscription
44:41 Crenellations
45:50 Siege Engineers
46:46 Chemistry
45:59 Masonry
46:19 Stone Mining
46:53 Devotion
48:00 Fortified Wall
49:28 Bombard Tower
Chigüiro
6:08 Loom
8:47 Feudal Age
9:57 Double-Bit Axe
17:16 Scale Barding Armor
17:34 Horse Collar
20:41 Bloodlines
25:31 Castle Age
25:42 Gold Mining
27:21 Chain Barding Armor
28:25 Bow Saw
29:55 Husbandry
30:37 Wheelbarrow
32:32 Town Watch
35:37 Gold Shaft Mining
34:54 Stone Mining
35:21 Heavy Plow
39:45 Imperial Age
37:52 Hand Cart
40:07 Treadmill Crane
39:52 Cavalier
42:00 Town Patrol
41:40 Paladin
43:18 Plate Barding Armor
42:12 Light Cavalry
43:27 Crop Rotation
44:15 Hussar
45:27 Conscription
46:29 Chemistry
45:23 Fletching
48:15 Bodkin Arrow
48:48 Siege Engineers
49:40 Ballistics
zhazhahui
8:45 Loom
11:46 Feudal Age
14:43 Double-Bit Axe
17:56 Horse Collar
20:02 Gold Mining
20:56 Fletching
21:52 Padded Archer Armor
26:39 Castle Age
26:40 Crossbowman
27:20 Bodkin Arrow
27:50 Heavy Plow
28:34 Leather Archer Armor
31:08 Ballistics
32:01 Thumb Ring
38:19 Wheelbarrow
37:30 Town Watch
39:00 Bow Saw
47:17 Imperial Age
46:58 Gold Shaft Mining
46:38 Masonry
47:23 Arbalester
49:05 Chemistry
48:09 Bracer
48:40 Ring Archer Armor
鸭子
9:48 Feudal Age
12:00 Loom
12:47 Double-Bit Axe
13:29 Forging
13:55 Scale Barding Armor
15:21 Bloodlines
18:23 Wheelbarrow
22:17 Castle Age
20:34 Gold Mining
21:13 Horse Collar
23:10 Husbandry
24:09 Chain Barding Armor
25:59 Iron Casting
26:24 Stone Mining
29:05 Heavy Plow
33:41 Hand Cart
36:28 Szlachta Privileges
45:49 Imperial Age
45:54 Cavalier
48:18 Conscription
49:12 Blast Furnace
739697286
7:18 Loom
9:38 Feudal Age
10:28 Double-Bit Axe
14:56 Horse Collar
23:00 Wheelbarrow
22:45 Fletching
26:36 Castle Age
25:00 Padded Archer Armor
26:58 Crossbowman
28:29 Gold Mining
30:48 Bodkin Arrow
31:17 Bow Saw
32:09 Stone Mining
35:35 Gold Shaft Mining
37:21 Scale Mail Armor
37:57 Elite Skirmisher
38:30 Pikeman
Gabon
7:03 Loom
9:39 Feudal Age
11:11 Double-Bit Axe
14:13 Horse Collar
20:35 Bloodlines
21:17 Scale Barding Armor
21:26 Town Watch
27:06 Castle Age
27:08 Light Cavalry
28:10 Chain Barding Armor
28:29 Bow Saw
29:48 Husbandry
31:33 Wheelbarrow
32:43 Heavy Plow
33:18 Hand Cart
43:35 Imperial Age
43:51 Cavalier
45:59 Gold Mining
46:48 Plate Barding Armor
48:09 Stone Mining
48:58 Gold Shaft Mining
48:56 Paladin
50:03 Fletching
50:42 Bodkin Arrow
Connection lost

Rejoining the realm…

Still unreachable

The connection could not be restored.

Session expired

The server has moved on; the page needs a fresh start.